 Dungeon Crawl Stone Soup version 0.24-a0-252-g5076262 (webtiles) character file.

Game seed: 6277370915413123245

8304 Borgoz the Slicer (level 11, -21/68 HPs)
             Began as a Gargoyle Gladiator on Apr 17, 2019.
             Was a Believer of Ashenzari.
             Killed from afar by a deep elf mage (35 damage)
             ... with a bolt of fire
             ... in a bailey.
             The game lasted 00:17:08 (9070 turns).

Borgoz the Slicer (Gargoyle Gladiator)              Turns: 9070, Time: 00:17:10

Health: -21/68     AC: 19    Str: 18    XL:     11   Next: 28%
Magic:  0/12       EV: 17    Int:  9    God:    Ashenzari [**....]
Gold:   475        SH:  0    Dex: 14    Spells: 8/10 levels left

rFire    . . .     SeeInvis .   a - +2 rapier (venom)
rCold    . . .     Gourm    .   (no shield)
rNeg     + . .     Faith    .   t - +0 steam dragon scales
rPois    ∞         Spirit   +   B - +2 helmet
rElec    +         Reflect  .   n - scarf {repulsion}
rCorr    +         Harm     .   (no gloves)
MR       +....                  K - +0 pair of boots (curse)
Stlth    +.........             q - amulet of guardian spirit
HPRegen  0.21/turn              j - ring of protection from magic
MPRegen  0.13/turn              v - ring of resist corrosion

@: liquid flames, glowing, repel missiles
A: negative energy resistance 1, electricity resistance, unbreathing,
petrification resistance, rot immunity, AC +8
a: Curse Item, Scrying, Renounce Religion


You were in a bailey.
You worshipped Ashenzari.
Ashenzari was pleased with you.
You were very hungry.

You visited 2 branches of the dungeon, and saw 11 of its levels.
You also visited: Bailey.

You collected 475 gold pieces.

Inventory:

Hand Weapons
 a - a +2 rapier of venom (weapon)
 b - a +4 dagger
 e - a +0 rapier
 N - a +0 dagger of venom
Missiles
 d - a throwing net (quivered)
Armour
 n - a scarf of repulsion (worn)
 t - +0 steam dragon scales (worn)
 z - a +2 ring mail of cold resistance
 B - a +2 helmet (worn)
 K - a cursed +0 pair of boots (worn)
 L - +0 acid dragon scales
Jewellery
 j - a ring of protection from magic (left hand)
 q - an amulet of guardian spirit (around neck)
 r - an uncursed amulet of regeneration
 v - a ring of resist corrosion (right hand)
Wands
 i - a wand of random effects (28)
 y - a wand of iceblast (8)
 D - a wand of scattershot (4)
 I - a wand of polymorph (2)
Scrolls
 c - 3 scrolls of teleportation {unknown}
 h - a scroll of fear {unknown}
 m - 4 scrolls of amnesia {unknown}
 s - 8 scrolls of identify {unknown}
 u - a scroll of vulnerability {unknown}
 w - 6 scrolls of remove curse
 x - 3 scrolls of fog {unknown}
 A - a scroll of enchant armour {unknown}
 C - a scroll of blinking {unknown}
 F - 3 scrolls of enchant weapon {unknown}
 J - a scroll of silence {unknown}
 M - a scroll of magic mapping {unknown}
Potions
 g - a potion of curing
 k - a potion of degeneration {unknown}
 l - a potion of lignification {unknown}
 o - 2 potions of heal wounds
 p - a potion of agility {unknown}
 E - 2 potions of might {unknown}
 G - a potion of ambrosia {unknown}
 H - 3 potions of mutation {unknown}
Comestibles
 f - 19 rations


   Skills:
 + Level 7.7 Fighting
 * Level 9.2 Short Blades
 - Level 1.7 Throwing
 + Level 7.1 Armour
 * Level 8.5 Dodging
 - Level 5.0 Stealth
 + Level 2.2 Evocations


You had 8 spell levels left.
You knew the following spells:

 Your Spells              Type           Power        Failure   Level  Hunger
a - Blink                 Tloc           N/A          52%         2    ###....

Your spell library contained the following spells:

 Spells                   Type           Power        Failure   Level  Hunger
 Magic Dart               Conj           #...         38%         1    ##.....
 Call Imp                 Summ           #.......     52%         2    ###....
 Slow                     Hex            #.......     52%         2    ###....
 Conjure Flame            Conj/Fire      #.......     77%         3    ####...
 Mephitic Cloud           Conj/Pois/Air  #.......     77%         3    ####...


Dungeon Overview and Level Annotations

Branches:
Dungeon (10/15)            Temple (1/1) D:4            Lair (0/6) D:9
    Orc: D:9-12

Altars:
Ashenzari
Cheibriados
Dithmenos
Elyvilon
Fedhas
Gozag
Hepliaklqana
Kikubaaqudgha
Makhleb
Nemelex Xobeh
Okawaru
Qazlal
Ru
Sif Muna
Trog
Uskayaw
Vehumet
Wu Jian
Xom
Yredelemnul
Zin
The Shining One

Annotations:
D:8 Maurice


Innate Abilities, Weirdness & Mutations

You are resistant to torment.
Your stone body is resilient. (AC +8)
You are immune to poison.
You resist negative energy. (rN+)
You are resistant to electric shocks. (rElec)
You can survive without breathing.
You are immune to petrification.
You are immune to rotting.


Message History

You are covered in liquid flames!
You closely miss the deep elf mage.
You are covered in liquid flames!
You closely miss the deep elf mage.
You are covered in liquid flames!
The deep elf mage hits you but does no damage.
You puncture the deep elf mage!
The deep elf mage is poisoned.
The deep elf mage is moderately wounded.
You are covered in liquid flames!
* * * LOW HITPOINT WARNING * * *
The deep elf mage gestures at you while chanting.
The sticky flame misses you.
You barely miss the deep elf mage.
The deep elf mage is moderately wounded.
You are covered in liquid flames!
* * * LOW HITPOINT WARNING * * *
The deep elf mage gestures at you while chanting.
The bolt of fire hits you!!!
Ouch! That really hurt!
You die...

#..∩..##..##
..,,#.....#..[.#
.. ##...##....#
.######'##..## *
##...###...### *
#.....#.....#*,
* ,#..e..#..∩..#
, #...).#.)...#,
,**#....#@...##
, * * *
#####e##### * ,
#...)#....# *
,#.....*.....# *
, #..... ..e..#,
, #..... .....#
##...# #...##+
*,.### ###. * ..
,.. *


You could see a deep elf mage.

Vanquished Creatures
  6 deep elf magi (Bailey)
  Psyche (D:9)
  Joseph (D:9)
  Grum (D:8)
  A hungry ghost (D:8)
  A steam dragon (D:9)
  An acid dragon (D:10)
  2 water moccasins
  2 porcupines (D:9)
  5 orc warriors
  A sky beast (D:10)
  2 ice beasts
  3 ogres
  A black bear (D:8)
  A necrophage (D:5)
  4 wolves (D:8)
  2 centaurs
  2 big kobolds (D:9)
  7 bullfrogs
  5 scorpions
  5 killer bees (D:7)
  2 howler monkeys (D:7)
  8 wights
  A bullfrog zombie (D:5)
  4 crimson imps
  A centaur zombie (D:7)
  7 orc priests
  2 hounds
  2 bullfrog skeletons
  Jessica (D:2)
  3 iguanas
  Natasha (thrice) (D:3)
  6 orc wizards
  6 worker ants
  A hound zombie (D:6)
  6 gnolls
  8 adders
  An ooze (D:7)
  An adder skeleton (D:9)
  An adder zombie (D:5)
  4 worms
  2 dart slugs
  A leopard gecko (D:1)
  33 orcs
  A ball python (D:2)
  5 giant cockroaches
  8 goblins
  2 hobgoblins
  11 jackals
  17 kobolds
  2 quokkas
  6 bats
  2 frilled lizards
  A giant cockroach zombie (D:5)
  A jackal zombie (D:7)
  A leopard gecko skeleton (D:4)
  8 rats
223 creatures vanquished.

Vanquished Creatures (others)
  A centaur skeleton (D:4)
  A plant (D:9)
2 creatures vanquished.

Grand Total: 225 creatures vanquished

Notes
Turn   | Place    | Note
-------+----------+-------------------------------------------
     0 | D:1      | Borgoz the Gargoyle Gladiator began the quest for the Orb.
     0 | D:1      | Reached XP level 1. HP: 12/12 MP: 1/1
   158 | D:1      | Reached XP level 2. HP: 16/17 MP: 2/2
   543 | D:1      | Reached skill level 3 in Short Blades
   895 | D:2      | Noticed Jessica
   902 | D:2      | Reached XP level 3. HP: 18/22 MP: 3/3
   905 | D:2      | Killed Jessica
   905 | D:2      | Reached skill level 1 in Armour
   905 | D:2      | Reached skill level 1 in Stealth
   983 | D:2      | Reached XP level 4. HP: 25/27 MP: 4/4
  1016 | D:2      | Found a shimmering altar of Xom.
  1321 | D:2      | Found an ornate altar of the Wu Jian Council.
  1753 | D:3      | Reached XP level 5. HP: 32/32 MP: 5/5
  2116 | D:3      | Noticed Natasha
  2125 | D:3      | Killed Natasha
  2409 | D:4      | Found a staircase to the Ecumenical Temple.
  2519 | D:4      | Reached XP level 6. HP: 10/37 MP: 1/6
  2563 | Temple   | Entered the Ecumenical Temple
  2781 | Temple   | Became a worshipper of Ashenzari the Shackled
  2864 | D:4      | Reached skill level 4 in Short Blades
  2978 | D:3      | Noticed Natasha
  2989 | D:3      | Killed Natasha
  2999 | D:3      | Noticed Natasha
  3008 | D:3      | Killed Natasha
  3238 | D:4      | Reached XP level 7. HP: 13/41 MP: 2/7
  3687 | D:5      | Entered Level 5 of the Dungeon
  4369 | D:5      | Found a glowing silver altar of Zin.
  4567 | D:5      | Reached skill level 5 in Short Blades
  4567 | D:5      | Reached XP level 8. HP: 29/48 MP: 4/8
  4774 | D:6      | Reached skill level 5 in Dodging
  5238 | D:6      | Reached skill level 5 in Fighting
  5248 | D:6      | Reached skill level 6 in Short Blades
  5248 | D:6      | Reached XP level 9. HP: 34/54 MP: 6/9
  5293 | D:6      | Reached * piety under Ashenzari
  5309 | D:6      | Found a snail-covered altar of Cheibriados.
  5372 | D:6      | Reached skill level 5 in Stealth
  5796 | D:6      | Found a radiant altar of Vehumet.
  5797 | D:6      | Found a burning altar of Makhleb.
  6462 | D:7      | Reached skill level 5 in Armour
  6685 | D:8      | Reached skill level 7 in Short Blades
  6706 | D:8      | Noticed Maurice
  6716 | D:8      | Noticed Psyche
  6731 | D:8      | Noticed Joseph
  6739 | D:9      | Killed Psyche
  6751 | D:9      | Reached XP level 10. HP: 13/60 MP: 5/10
  7167 | D:9      | Found a staircase to the Lair.
  7411 | D:9      | Reached ** piety under Ashenzari
  7737 | D:9      | Killed Joseph
  7737 | D:9      | Reached skill level 8 in Short Blades
  8149 | D:8      | Noticed Grum
  8214 | D:8      | Killed Grum
  8559 | D:8      | Learned a level 2 spell: Blink
  8836 | D:10     | Entered Level 10 of the Dungeon
  9001 | D:10     | Found a flagged portal.
  9012 | Bailey   | Entered a bailey
  9018 | Bailey   | Noticed a deep elf mage
  9021 | Bailey   | Killed a deep elf mage
  9021 | Bailey   | Reached skill level 1 in Evocations
  9032 | Bailey   | Noticed a deep elf mage
  9033 | Bailey   | Noticed a deep elf mage
  9033 | Bailey   | Noticed a deep elf mage
  9033 | Bailey   | Noticed a deep elf mage
  9034 | Bailey   | Noticed a deep elf mage
  9038 | Bailey   | Noticed a deep elf mage
  9040 | Bailey   | Killed a deep elf mage
  9040 | Bailey   | Reached XP level 11. HP: 39/67 MP: 7/12
  9053 | Bailey   | Killed a deep elf mage
  9053 | Bailey   | Reached skill level 9 in Short Blades
  9057 | Bailey   | Killed a deep elf mage
  9058 | Bailey   | Killed a deep elf mage
  9058 | Bailey   | Killed a deep elf mage
  9070 | Bailey   | Killed from afar by a deep elf mage

Levels and vault maps discovered:
D:1:      evilmike_arrival_crescent, layout_loops_ring
D:2:      layout_basic, lemuel_coloured_pillars_altar, minivault_25,
          corexii_leaking_fountain, tgw_xom, uniq_jessica
D:3:      layout_basic, uniq_natasha
D:4:      layout_rooms, minmay_temple_entry_trees, first_ration
D:5:      layout_layer_cave, lemuel_crystal_altar, minmay_door_square
D:6:      layout_layer_cave, grunt_temple_overflow_lords_of_destruction,
          basic_altar, minmay_misc_feat_enclosed
D:7:      layout_rooms
D:8:      layout_cave_pools, uniq_maurice, uniq_grum, uniq_joseph, uniq_psyche
D:9:      layout_roguey, grunt_lair_entry_orc_guard_hut
D:10:     layout_rooms, enter_bailey_2, special_room [special_room_orc]
Temple:   dpeg_five_rooms_temple
Bailey:   bailey_polearm_3, bailey

Skill      XL: |  1  2  3  4  5  6  7  8  9 10 11 |
---------------+----------------------------------+-----
Short Blades   | 3 4 5 6 7 8 9 |  9.2
Armour         | 1 2 3 4 5 6 7 |  7.1
Stealth        | 1 2 3 4 5 |  5.0
Dodging        | 3 4 5 6 8 |  8.5
Fighting       | 3 4 5 6 7 |  7.7
Evocations     | 1 2 |  2.2
Throwing       | |  1.7

Action                   |  1- 3 |  4- 6 |  7- 9 | 10-12 || total
-------------------------+-------+-------+-------+-------++-------
Melee: Rapier            |    14 |    55 |   379 |    21 ||   469
       Dagger            |    67 |   169 |   185 |   579 ||  1000
Throw: Throwing net      |       |       |     3 |     1 ||     4
Evoke: Wand              |       |       |       |     2 ||     2
  Use: Potion            |       |     2 |     1 |     4 ||     7
       Scroll            |       |     1 |       |       ||     1
 Stab: Invisible         |       |     1 |     6 |       ||     7
       Held in net/web   |       |       |     4 |       ||     4
       Sleeping          |       |       |     3 |     6 ||     9
       Distracted        |       |       |     1 |     1 ||     2
  Eat: Chunk             |       |     8 |     8 |    11 ||    27
       Ration            |       |       |     1 |       ||     1
Armor: Leather armour    |    38 |    94 |    53 |       ||   185
       Ring mail         |       |       |   155 |       ||   155
       Steam dragon scal |       |       |       |   178 ||   178
Dodge: Dodged            |    50 |   161 |   350 |   403 ||   964
       Deflected         |       |       |     5 |     6 ||    11

Table legend:
 A = Non-vault XP
 B = Vault XP
 C = Vault XP percentage of total XP
 D = Non-vault monster count
 E = Vault monster count
 F = Vault count percentage of total count
                 A         B        C        D         E       F
            +---------+---------+-------+---------+---------+-------
      Total |    6140 |    5724 |  48.2 |     192 |      32 |  14.3
            +---------+---------+-------+---------+---------+-------
        D:1 |      28 |       0 |   0.0 |      18 |       0 |   0.0
        D:2 |      38 |      59 |  60.8 |      10 |       7 |  41.2
        D:3 |     152 |      35 |  18.7 |      14 |       1 |   6.7
        D:4 |     452 |       0 |   0.0 |      23 |       0 |   0.0
        D:5 |     538 |       0 |   0.0 |      20 |       0 |   0.0
        D:6 |    1449 |      46 |   3.1 |      26 |       1 |   3.7
        D:7 |     833 |       0 |   0.0 |      21 |       0 |   0.0
        D:8 |    1054 |     660 |  38.5 |      20 |       5 |  20.0
        D:9 |    1083 |    1448 |  57.2 |      31 |       7 |  18.4
       D:10 |     513 |     142 |  21.7 |       9 |       5 |  35.7
     Bailey |       0 |    3334 | 100.0 |       0 |       6 | 100.0
            +---------+---------+-------+---------+---------+-------
